 Dungeon Crawl Stone Soup version 0.29-a0-334-gb41bcbb86e (webtiles) character file.

Game seed: 16852203393927317936

3671 snetch the Basher (level 9, -1/81 HPs)
             Began as a Minotaur Berserker on Apr 14, 2022.
             Was an Elder of Trog.
             Slain by Erica
             ... wielding a +3 scimitar of flaming
              (4 damage)
             ... on level 8 of the Dungeon.
             The game lasted 00:26:01 (6850 turns).

snetch the Basher (Minotaur Berserker)              Turns: 6850, Time: 00:26:03

Health: -1/81      AC: 18    Str: 27    XL:     9   Next: 89%
Magic:  0/8        EV:  8    Int:  4    God:    Trog [****..]
Gold:   334        SH:  3    Dex:  9    Spells: 8/8 levels left

rFire   . . .      SeeInvis .   a - +1 war axe (vorpal)
rCold   + . .      Faith    .   S - +0 buckler
rNeg    . . .      Spirit   +   r - +0 plate armour
rPois   .          Reflect  .   (helmet restricted)
rElec   .          Harm     .   x - +2 cloak
rCorr   .          Rampage  .   H - +0 pair of gloves
Will    .....                   (no boots)
Stlth   ..........              f - amulet of guardian spirit
HPRegen 0.23/turn               R - ring of protection from cold
MPRegen 0.11/turn               (no ring)

@: slowed, very slow
A: horns 2, retaliatory headbutt
a: Renounce Religion, Berserk, Trog's Hand, Brothers in Arms


You were on level 8 of the Dungeon.
You worshipped Trog.
Trog was greatly pleased with you.
You visited 2 branches of the dungeon, and saw 9 of its levels.
You also visited: Sewer.

You collected 334 gold pieces.

Inventory:

Hand Weapons
 a - a +1 vorpal war axe (weapon)
 b - a +0 flail of protection
 c - a +0 trident
 E - a +0 great mace
 M - a +2 flail of draining
 N - a +2 whip of flaming
 P - a +4 spear
 Q - a +0 battleaxe
Missiles
 d - 7 poisoned darts (quivered)
 k - 186 stones
 q - 3 atropa-tipped darts
 D - 10 boomerangs
 O - 4 silver javelins
Armour
 r - a +0 plate armour (worn)
 x - a +2 cloak (worn)
 H - a +0 pair of gloves (worn)
 S - a +0 buckler (worn)
Jewellery
 f - an amulet of guardian spirit (around neck)
 R - a ring of protection from cold (left hand)
Wands
 y - a wand of flame (16)
 J - a wand of polymorph (1)
 T - a wand of digging (4)
Scrolls
 e - 3 scrolls of fog {unknown}
 g - 8 scrolls of identify {unknown}
 j - 2 scrolls of enchant armour {unknown}
 l - a scroll of teleportation {unknown}
 m - 2 scrolls of blinking {unknown}
 p - 5 scrolls of fear {unknown}
 s - 3 scrolls of magic mapping {unknown}
 v - 2 scrolls of noise {unknown}
 G - a scroll of vulnerability {unknown}
 I - a scroll of torment {unknown}
 L - a scroll of silence {unknown}
Potions
 h - a potion of resistance {unknown}
 i - 5 potions of might
 n - a potion of invisibility {unknown}
 o - 3 potions of curing {unknown}
 t - 2 potions of cancellation {unknown}
 u - a potion of attraction {unknown}
 w - 2 potions of mutation {unknown}
 z - 2 potions of magic {unknown}
 A - 3 potions of haste {unknown}
 B - a potion of ambrosia {unknown}
 C - a potion of degeneration {unknown}
 F - 2 potions of flight {unknown}
 K - 2 potions of brilliance {unknown}


   Skills:
 + Level 7.8 Fighting
 + Level 6.8(9.6) Axes
 + Level 10.4(11.3) Maces & Flails
 + Level 3.8 Throwing
 + Level 8.0 Armour
 + Level 3.5 Dodging
 + Level 1.0 Stealth
 + Level 1.1 Shields


You had 8 spell levels left.
You didn't know any spells.
Your spell library contained the following spells:

 Spells                   Type           Power      Damage    Failure   Level
 Foxfire                  Conj/Fire      0%         2x1d4     100%        1
 Ensorcelled Hibernation  Hex/Ice        0%         N/A       100%        2
 Conjure Flame            Conj/Fire      0%         6-21      100%        3
 Ignite Poison            Fire/Tmut/Pois 0%         N/A       100%        3
 Inner Flame              Hex/Fire       0%         N/A       100%        3
 Spider Form              Tmut/Pois      0%         N/A       100%        3
 Anguish                  Hex/Necr       0%         N/A       100%        4
 Flame Wave               Conj/Fire      0%         2d4       100%        4
 Petrify                  Tmut/Erth      0%         N/A       100%        4
 Sticky Flame             Conj/Fire      0%         2d3       100%        4
 Metabolic Englaciation   Hex/Ice        0%         N/A       100%        5
 Statue Form              Tmut/Erth      0%         N/A       100%        6


Dungeon Overview and Level Annotations

Branches:
Dungeon (8/15)             Temple (1/1) D:4           Sewer (visited)
   Lair: D:8-11

Altars:
Dithmenos
Elyvilon
Fedhas
Gozag
Makhleb
Nemelex Xobeh
Okawaru
Qazlal
Sif Muna
Trog
Uskayaw
Vehumet
Xom
Yredelemnul
Zin

Shops:
D:2 (

Annotations:
D:6 hatch behind lava
D:7 elementals behind stone
D:8 Erica; Slifar's ghost, novice DrIE


Innate Abilities, Weirdness & Mutations

You have a pair of horns on your head.
You reflexively headbutt those who attack you in melee.


Message History

You kill the orc!
Trog accepts your kill.
You slash the orc priest! You closely miss the orc wizard.
You feel the effects of Trog's Hand fading.
Something hits you! Something burns you.
The orc priest hits you but does no damage.
The orc wizard hits you but does no damage.
The orc wizard barely misses you. You furiously retaliate!
You headbutt the orc wizard!
The orc priest hits you but does no damage.
Something hits you but does no damage.
You miss something. Your headbutt misses something. You hit the orc priest.
You slash the orc wizard!
You kill the orc wizard!
Trog accepts your kill.
Trog appreciates your killing of a magic user.
You block the orc priest's attack. Something hits you but does no damage.
Unknown command.
You hit something but do no damage. You barely miss the orc priest.
Something hits you. Something burns you.
The orc priest calls down the wrath of Beogh upon you.
Beogh smites you!
The orc priest hits you but does no damage.
Something hits you. Something burns you.
* * * LOW HITPOINT WARNING * * *
You barely miss something. You hit the orc priest.
You kill the orc priest!
Trog accepts your kill.
Your skin stops crawling.
You feel less strong-willed. Something hits you.
* * * LOW HITPOINT WARNING * * *
Something burns you.
* * * LOW HITPOINT WARNING * * *
You barely miss something.
You hear some strange, mumbled words.
You feel as though you will be slow longer.
Something hits you!
* * * LOW HITPOINT WARNING * * *
Something burns you.
You die...

#+ #.# #.# ##.##
##...##
#####.....#####(
#.........((((.#
...#)).#####.
#.#.@)#.....
#.......#
#.####...### #
#........# .#
######..######.##
#..........
##.####... ###
#†# #..#
..#####.###.#


There were no monsters in sight!

Vanquished Creatures
  Pikel (D:4)
  Grinder (D:5)
  A wraith (D:6)
  Eustachio (D:5)
  Edmund (D:6)
  2 water moccasins (D:5)
  2 ice beasts
  A sky beast (D:6)
  2 orc warriors
  An ogre (D:5)
  A centaur (D:7)
  A phantom (D:6)
  A kobold brigand (D:7)
  Blork the orc (D:4)
  A bullfrog (D:8)
  3 scorpions
  3 wights (D:6)
  6 killer bees
  3 howler monkeys
  5 orc priests
  3 hounds
  4 iguanas (D:5)
  Natasha (thrice) (D:3)
  4 orc wizards
  9 adders
  3 river rats
  2 white imps
  2 ufetubi (D:5)
  2 worms
  3 dart slugs (D:4)
  34 orcs
  3 endoplasms
  6 giant cockroaches
  7 goblins
  8 hobgoblins
  4 jackals (D:1)
  4 quokkas
  15 ball pythons
  3 bats
  7 frilled lizards
  19 kobolds
  10 rats
193 creatures vanquished.

Vanquished Creatures (others)
  5 dream sheep (D:3)
5 creatures vanquished.

Grand Total: 198 creatures vanquished

Notes
Turn   | Place    | Note
-------+----------+-------------------------------------------
     0 | D:1      | snetch the Minotaur Berserker began the quest for the Orb.
     0 | D:1      | Reached XP level 1. HP: 19/19 MP: 0/0
   360 | D:1      | Reached XP level 2. HP: 24/27 MP: 1/1
   596 | D:1      | Found a faded altar of an unknown god.
   923 | D:2      | Reached XP level 3. HP: 26/34 MP: 2/2
   985 | D:2      | Reached ** piety under Trog
  1078 | D:2      | You fall into a shaft and drop 1 floor!
  1143 | D:4      | Noticed a scorpion
  1151 | D:4      | Killed a scorpion
  1152 | D:4      | Reached skill level 1 in Maces & Flails
  1152 | D:4      | Reached XP level 4. HP: 31/41 MP: 3/3
  1234 | D:4      | Found a staircase to the Ecumenical Temple.
  1276 | D:4      | Found a basalt altar of Yredelemnul.
  1283 | D:4      | Noticed Blork the orc
  1296 | D:4      | Killed Blork the orc
  1297 | D:4      | Reached skill level 2 in Maces & Flails
  1297 | D:4      | Reached skill level 1 in Throwing
  1297 | D:4      | Reached XP level 5. HP: 30/47 MP: 4/4
  1298 | D:4      | Reached skill level 5 in Fighting
  1325 | D:4      | Reached skill level 3 in Maces & Flails
  1403 | D:4      | Reached XP level 6. HP: 43/56 MP: 5/5
  1423 | D:4      | Found a glowing drain.
  1443 | Sewer    | Entered a sewer
  1635 | Sewer    | Reached *** piety under Trog
  1880 | D:3      | Reached skill level 4 in Maces & Flails
  2005 | D:2      | Found Keuxom's Antique Weapon Emporium.
  2741 | D:3      | Noticed Natasha
  2749 | D:3      | Killed Natasha
  3003 | D:3      | Noticed a dream sheep
  3003 | D:3      | Noticed a dream sheep
  3003 | D:3      | Noticed a dream sheep
  3003 | D:3      | Noticed a dream sheep
  3003 | D:3      | Noticed a dream sheep
  3003 | D:3      | Found a shimmering altar of Xom.
  3005 | D:3      | Killed a dream sheep
  3005 | D:3      | Killed a dream sheep
  3005 | D:3      | Killed a dream sheep
  3005 | D:3      | Killed a dream sheep
  3005 | D:3      | Killed a dream sheep
  3090 | D:3      | Reached **** piety under Trog
  3100 | D:3      | Found an iron altar of Okawaru.
  3203 | D:3      | Found a shimmering altar of Xom.
  3235 | D:3      | Noticed Natasha
  3245 | D:3      | Killed Natasha
  3256 | D:3      | Noticed Natasha
  3261 | D:3      | Killed Natasha
  3262 | D:3      | Reached skill level 5 in Maces & Flails
  3262 | D:3      | Reached XP level 7. HP: 61/61 MP: 6/6
  3577 | D:4      | Found an opulent altar of Gozag.
  3577 | D:4      | Noticed Pikel
  3622 | D:5      | Entered Level 5 of the Dungeon
  3681 | Temple   | Entered the Ecumenical Temple
  3849 | D:5      | Reached skill level 6 in Maces & Flails
  3993 | D:5      | Reached skill level 7 in Maces & Flails
  4131 | D:5      | Reached XP level 8. HP: 70/70 MP: 7/7
  4251 | D:5      | Noticed Eustachio
  4255 | D:5      | Noticed Grinder
  4263 | D:5      | Killed Eustachio
  4278 | D:5      | Killed Grinder
  4279 | D:5      | Reached skill level 8 in Maces & Flails
  4279 | D:5      | Reached skill level 5 in Armour
  4488 | D:6      | Reached skill level 1 in Stealth
  4491 | D:6      | Noticed Edmund
  4506 | D:6      | Killed Edmund
  4507 | D:6      | Reached skill level 9 in Maces & Flails
  4729 | D:4      | Killed Pikel
  4730 | D:4      | Reached skill level 10 in Maces & Flails
  4730 | D:4      | Reached XP level 9. HP: 60/79 MP: 4/8
  5194 | D:6      | Found a glowing silver altar of Zin.
  5580 | D:7      | Found a stormy altar of Qazlal.
  5586 | D:7      | Reached skill level 5 in Axes
  6721 | D:8      | Noticed Slifar's ghost (novice DrIE)
  6820 | D:8      | Reached skill level 1 in Shields
  6833 | D:8      | Noticed Erica
  6850 | D:8      | HP: 3/81 [something (15)]
  6850 | D:8      | Slain by Erica

Illustrated notes

Levels and vault maps discovered:
D:1:      dpeg_arrival_windows_large_door, layout_basic, basic_ecumenical_altar
D:2:      layout_loops_ring, serial_shops, shop_fountains, supply_closet_lemuel,
          corexii_hall_statues_x
D:3:      layout_basic, kb_xom_exploding_sheep, marbit_many_paths, uniq_natasha
D:4:      layout_rooms, mainiacjoe_overflow_concentric_impassable,
          nicolae_overflow_hidden_temple, minmay_temple_entry_sparse_star,
          portal_sewer_entry_e, st_stairs_10, minmay_misc_feat_roman,
          minmay_ruptured, uniq_blork_the_orc, uniq_pikel
D:5:      layout_basic, uniq_grinder, uniq_eustachio
D:6:      layout_gridville, general_overflow_altar, uniq_edmund
D:7:      layout_loops_ring, nicolae_hepliaklqana_hazy_memory,
          nicolae_qazlal_style_of_elements
D:8:      layout_loops_corners, mainiacjoe_overflow_alcove_1,
          mainiacjoe_overflow_small_starburst,
          lightli_ossuary_entry_decrepit_ruins, gammafunk_ghost_icy,
          minmay_misc_feat_square, roderic_st_hans_cross, uniq_gastronok,
          uniq_erica
Temple:   jpeg_temple_island

Skill      XL: |  1  2  3  4  5  6  7  8  9 |
---------------+----------------------------+-----
Fighting       | 4 5 7 |  7.8
Axes           | 4 6 |  6.8
Maces & Flails | 1 2 3 5 7 10 | 10.4
Dodging        | 3 |  3.5
Throwing       | 1 2 3 |  3.8
Armour         | 3 4 6 8 |  8.0
Stealth        | 1 |  1.0
Shields        | 1 |  1.1

Action                   |  1- 3 |  4- 6 |  7- 9 || total
-------------------------+-------+-------+-------++-------
Melee: Hand axe          |    21 |     8 |    79 ||   108
       Headbutt          |     6 |    22 |    47 ||    75
       Flail             |    30 |   195 |   146 ||   371
       Punch             |       |       |     3 ||     3
       War axe           |       |       |    58 ||    58
Throw: Dart              |    12 |    18 |    20 ||    50
Invok: Trog's Hand       |       |       |     3 ||     3
Armor: Animal skin       |    16 |       |       ||    16
       Plate armour      |     7 |   150 |   202 ||   359
Dodge: Dodged            |    37 |    84 |   121 ||   242
Block: Buckler           |       |       |     7 ||     7

Table legend: (Time is in decaauts)
 A = Elapsed time spent in this place.
 B = Non-inter-level travel time spent in this place.
 C = Inter-level travel time spent in this place.
 D = Time resting spent in this place.
 E = Time spent auto-exploring this place.
 F = Levels seen in this place.
 G = Mean time per level.
                   A        B        C        D        E       F      G
               +--------+--------+--------+--------+--------+-----+--------+
         Total |   7019 |   6668 |    351 |      0 |   3276 |  10 |  701.9 |
       Dungeon |   6490 |   6165 |    325 |      0 |   3258 |   8 |  811.2 |
        Temple |    175 |    149 |     26 |      0 |     18 |   1 |  175.0 |
         Sewer |    353 |    353 |      0 |      0 |      0 |   1 |  353.0 |
               +--------+--------+--------+--------+--------+-----+--------+

Top non-repeatable levels by time:
     D:6: 1368 daAuts
     D:5: 1103 daAuts
     D:4: 1008 daAuts
     D:2: 873 daAuts
     D:1: 853 daAuts
     D:3: 822 daAuts
   Sewer: 353 daAuts
     D:7: 318 daAuts
  Temple: 175 daAuts
     D:8: 142 daAuts
